 Dungeon Crawl Stone Soup version 0.20.1-1-g8b1a95d (webtiles) character file.

2076 letownia2 the Reanimator (level 9, -4/76 HPs)
             Began as a Deep Dwarf Necromancer on Dec 15, 2017.
             Was an Initiate of Gozag.
             Slain by an orc warrior
             ... wielding a +0 scimitar
              (10 damage)
             ... on level 5 of the Dungeon.
             The game lasted 00:15:41 (4192 turns).

letownia2 the Reanimator (Deep Dwarf Necromancer)   Turns: 4192, Time: 00:15:42

Health: -4/76      AC: 10    Str: 14    XL:     9   Next: 6%
Magic:  11/17      EV: 11    Int: 20    God:    Gozag
Gold:   87         SH:  0    Dex: 13    Spells: 15/19 levels left

rFire    . . .     SeeInvis .   u - +1 whip of Totaf {drain, rC+} (curse)
rCold    + . .     Gourm    .   (no shield)
rNeg     . . .     Faith    .   E - +3 ring mail of Noon {Int+3}
rPois    +         Spirit   .   j - +0 helmet
rElec    .         Reflect  .   (no cloak)
rCorr    .         Harm     .   (no gloves)
MR       +....                  (no boots)
Stlth    +.........             (no amulet)
Regen    0.0/turn               l - ring of poison resistance
MPRegen  0.2/turn               (no ring)

@: non-regenerating
A: damage resistance, heal wounds, sense surroundings 2, no regeneration
a: Heal Wounds, Potion Petition, Call Merchant, Bribe Branch, Renounce Religion


You were on level 5 of the Dungeon.
You worshipped Gozag.
Gozag was noncommittal.
You were not hungry.

You visited 2 branches of the dungeon, and saw 8 of its levels.
You also visited: Sewer.

You collected 218 gold pieces.
You paid 131 gold pieces to Gozag.

Inventory:

Hand Weapons
 h - a +0 whip of electrocution
 u - the cursed +1 whip of Totaf (weapon) {drain, rC+}
   (You found it on level 5 of the Dungeon)

   A truly terrible weapon, it drains the life of those it strikes.
   It protects you from cold.
   It has a curse placed upon it.
 y - a +1 vampiric short sword
 C - a +0 shortbow
Missiles
 i - 32 bolts
 p - 4 javelins (quivered)
 D - 32 arrows
Armour
 j - a +0 helmet (worn)
 s - a cursed +0 scale mail
 x - a +0 ring mail
 E - the +3 ring mail of Noon (worn) {Int+3}
   (You found it on level 7 of the Dungeon)

   It affects your intelligence (+3).
Jewellery
 l - a ring of poison resistance (left hand)
Scrolls
 d - a scroll of immolation {unknown}
 f - 2 scrolls of identify {unknown}
 k - a scroll of random uselessness {unknown}
 m - 2 scrolls of remove curse {unknown}
 o - 2 scrolls of recharging {unknown}
 t - 2 scrolls of fog {unknown}
 v - a scroll of magic mapping {unknown}
 w - a scroll of amnesia {unknown}
Potions
 e - 2 potions of agility {unknown}
 g - 5 potions of flight {unknown}
 n - a potion of degeneration {unknown}
 r - 2 potions of heal wounds {unknown}
 z - 2 potions of might {unknown}
 A - a potion of lignification {unknown}
 B - 2 potions of curing {unknown}
 F - a potion of brilliance {unknown}
Books
 b - a book of Necromancy

   Spells                             Type                      Level
   a - Pain                           Necromancy                   1
   b - Animate Skeleton               Necromancy                   1
   c - Vampiric Draining              Necromancy                   3
   d - Regeneration                   Charms/Necromancy            3
   e - Animate Dead                   Necromancy                   4
   f - Control Undead                 Necromancy                   4
Comestibles
 a - a chunk of flesh
 c - a bread ration
 q - 3 fruits


   Skills:
 + Level 3.4 Fighting
 - Level 4.0 Armour
 - Level 2.2 Dodging
 - Level 2.4 Stealth
 + Level 5.9 Spellcasting
 + Level 9.8 Necromancy


You had 15 spell levels left.
You knew the following spells:

 Your Spells              Type           Power        Failure   Level  Hunger
a - Pain                  Necr           ####         1%          1    None
v - Vampiric Draining     Necr           #####.....   1%          3    ##.....


Dungeon Overview and Level Annotations

Branches:
Dungeon (7/15)             Temple (1/1) D:7

Altars:
Cheibriados
Fedhas
Gozag
Uskayaw
Vehumet
Xom
Zin
The Shining One

Shops:
D:4 =

Annotations:
D:3 Sigmund
D:5 1 runed door


Innate Abilities, Weirdness & Mutations

You are resistant to damage.
You can heal yourself by infusing magical energy.
You passively map the area around you.
You do not regenerate.


Message History

Confirm with . or Enter, or press ? or * to list all spells.
Aiming: Vampiric Draining
Press: ? - help, Shift-Dir - straight line, f - orc warrior
Aim: an orc warrior, wielding a scimitar and wearing a plate armour The orc warrior is heavily wounded.
You feel life coursing into your body.
The orc warrior hits you with a scimitar!
* * * LOW HITPOINT WARNING * * *
Unknown command.
Unknown command.
Casting: Vampiric Draining
Confirm with . or Enter, or press ? or * to list all spells.
Aiming: Vampiric Draining
Press: ? - help, Shift-Dir - straight line, f/p - orc warrior
Aim: an orc warrior, wielding a scimitar and wearing a plate armour (heavily wounded)
The orc warrior is severely wounded.
You feel life coursing into your body.
The orc warrior hits you with a scimitar!
You die...
Your body crumbles into a pile of gold.

#.##.# #.# #....####..#### #.
#.##.####.#####...####..# #.
#.##............#.......##### #.
#.#######)#####.......).....####.
#.# #.#...................... #.#
#.#.###.#.#.#.#.###.##### #.#
#.#.###.#.#.#.#.# #.# #.#
#.#.##....#.#.#.# #.# #.##
#.#.#..o@...#.#.# #.# ### #..#
#.#........##.#.# #.# #.. ##.#
#...............# #.# #.# #.#
###........##.### #.# #.# #.#
#.#.(...###.# #.# #.. #.#
#.##....###.#####.####.
#.########....................#.
#..............#.#########.##.#.
################## #.##.#.


You could see an orc warrior.

Vanquished Creatures
  A hornet (D:6)
  Menkaure (D:5)
  2 ice beasts
  An orc warrior (D:5)
  A phantom (D:5)
  3 centaurs
  A big kobold (Sewer)
  3 bullfrogs (D:6)
  3 scorpions
  3 howler monkeys
  3 hounds
  5 orc wizards
  An orc priest (D:5)
  A gnoll shaman (D:5)
  An iguana (D:5)
  3 worker ants
  A killer bee zombie (D:7)
  2 hound skeletons
  4 gnolls (D:5)
  A river rat (Sewer)
  7 adders
  A shadow imp (D:6)
  An ooze (D:4)
  2 adder skeletons
  6 leopard geckos
  18 orcs
  A ball python (D:5)
  3 giant cockroaches
  A goblin (D:3)
  2 hobgoblins
  2 jackals (Sewer)
  3 kobolds (Sewer)
  A quokka (D:6)
  2 bats
  2 frilled lizards
  3 rats (Sewer)
96 creatures vanquished.

Notes
Turn   | Place    | Note
-------+----------+-------------------------------------------
     0 | D:1      | letownia2 the Deep Dwarf Necromancer began the quest for the Orb.
     0 | D:1      | Reached XP level 1. HP: 15/15 MP: 3/3
   187 | D:3      | Noticed Sigmund
   289 | D:3      | Reached XP level 2. HP: 19/22 MP: 1/4
   375 | D:4      | Reached skill level 5 in Necromancy
   375 | D:4      | Reached XP level 3. HP: 24/28 MP: 0/6
   380 | D:4      | Learned a level 3 spell: Vampiric Draining
   628 | D:4      | Reached XP level 4. HP: 28/36 MP: 2/7
   823 | D:4      | Reached skill level 6 in Necromancy
   852 | D:4      | Found Gassyney's Jewellery Emporium.
   898 | D:4      | Reached XP level 5. HP: 27/42 MP: 0/8
  1227 | D:4      | Found a radiant altar of Vehumet.
  1455 | D:4      | Reached skill level 1 in Fighting
  1688 | D:5      | Entered Level 5 of the Dungeon
  1700 | D:5      | Noticed Menkaure
  1734 | D:5      | Reached skill level 7 in Necromancy
  1751 | D:5      | Reached XP level 6. HP: 40/51 MP: 2/10
  1800 | D:5      | Noticed an orc warrior
  2060 | D:5      | Found a glowing drain.
  2088 | Sewer    | Entered a sewer
  2196 | Sewer    | Found a white marble altar of Elyvilon.
  2323 | D:5      | Reached XP level 7. HP: 53/61 MP: 5/12
  2429 | D:5      | Killed Menkaure
  2551 | D:5      | Got a dazzling whip
  2676 | D:5      | Reached skill level 8 in Necromancy
  2732 | D:5      | Found a runed door.
  3003 | D:5      | Reached XP level 8. HP: 60/69 MP: 2/14
  3236 | D:6      | Reached skill level 1 in Armour
  3239 | D:6      | Reached skill level 5 in Spellcasting
  3289 | D:5      | Reached skill level 9 in Necromancy
  3416 | D:6      | Noticed a hornet
  3422 | D:6      | Identified the cursed +1 whip of Totaf {drain, rC+} (You found it on level 5 of the Dungeon)
  3434 | D:6      | Killed a hornet
  3689 | D:7      | Noticed a troll
  3769 | D:7      | Got a transparent ring mail
  3795 | D:7      | Identified the +3 ring mail of Noon {Int+3} (You found it on level 7 of the Dungeon)
  3877 | D:6      | Gained mutation: You passively map the area around you. [Deep Dwarf growth]
  3877 | D:6      | Reached XP level 9. HP: 25/76 MP: 6/17
  4110 | D:7      | Found a staircase to the Ecumenical Temple.
  4116 | Temple   | Entered the Ecumenical Temple
  4127 | Temple   | Became a worshipper of Gozag Ym Sagoz the Greedy
  4192 | D:5      | Slain by an orc warrior

Skill      XL: |  1  2  3  4  5  6  7  8 |
---------------+-------------------------+-----
Spellcasting   | 2 3 4 5 |  5.9
Necromancy     | 5 6 7 8 9 |  9.8
Fighting       | 1 2 3 |  3.4
Armour         | 4 |  4.0
Dodging        | |  2.2
Stealth        | |  2.4

Action                   |  1- 3 |  4- 6 |  7- 9 || total
-------------------------+-------+-------+-------++-------
Melee: Whip              |     7 |    60 |   174 ||   241
Throw: Javelin           |       |     1 |     4 ||     5
 Cast: Pain              |    23 |    32 |    11 ||    66
       Vampiric Draining |     2 |    24 |    56 ||    82
 Stab: Sleeping          |       |     2 |       ||     2
  Eat: Chunk             |       |     8 |     9 ||    17
Armor: Robe              |       |    12 |       ||    12
       Ring mail         |       |       |   117 ||   117
Dodge: Dodged            |     5 |    40 |   164 ||   209
